 Dungeon Crawl Stone Soup version 0.29.1-1-gd02db6906a (webtiles) character file.

Game seed: 7180278435120546014

300651 LustLizard the Unseen (level 20, -9/109 HPs)
             Began as a Spriggan Arcane Marksman on Sept 19, 2022.
             Was the Champion of Dithmenos.
             Blown up by a lich (28 damage)
             ... with a wavering orb of destruction
             ... on level 3 of the Depths.
             The game lasted 02:30:50 (58258 turns).

LustLizard the Unseen (Spriggan Arcane Marksman)   Turns: 58258, Time: 02:30:51

Health: -9/109     AC: 11    Str:  8    XL:     20   Next: 17%
Magic:  28/28      EV: 38    Int: 17    God:    Dithmenos [******]
Gold:   3624       SH: 16    Dex: 26    Spells: 7/21 levels left

rFire   + . .      SeeInvis +   O - +8 hand crossbow of Jumping Pain and Death {elec, Str+2 Stlth+}
rCold   . . .      Faith    .   Z - +0 buckler
rNeg    . . .      Spirit   .   D - +2 robe {Will+}
rPois   .          Reflect  +   h - +0 hat
rElec   .          Harm     .   w - +2 cloak {rF+}
rCorr   +          Rampage  +   (gloves unavailable)
Will    ++++.                   (boots unavailable) Stlth ********++
                                P - amulet of Ephemeral Luck {Reflect Rampage SH+5}
HPRegen 0.28/turn               f - ring of the Fuzzy God {Fly rCorr Dex+4}
MPRegen 0.21/turn               y - +4 ring of protection

@: flying, wreathed by umbra, studying Dodging, very quick
A: very small, no large weapons, unfitting armour, see invisible, speed 3
}: 2/15 runes: barnacled, gossamer
a: Renounce Religion, Shadow Step, Shadow Form


You were on level 3 of the Depths.
You worshipped Dithmenos.
Dithmenos was exalted by your worship.
You visited 8 branches of the dungeon, and saw 36 of its levels.
You visited 1 bazaar.
You also visited: Bailey and Volcano.

You collected 5345 gold pieces.
You spent 1721 gold pieces at shops.

Inventory:

Hand Weapons
 m - the +10 dagger of the Dead {vorpal, Str+5}
   (You found it on level 1 of the Shoals)

   It inflicts extra damage upon your enemies.
   Str:       It affects your strength (+5).
 O - the +8 hand crossbow of Jumping Pain and Death (weapon) {elec, Str+2 Stlth+}
   (You acquired it in a bailey)

   Any ammunition fired from it occasionally discharges a powerful burst of
   electricity upon striking a foe.
   Str:       It affects your strength (+2).
   Stlth:     It makes you more stealthy.
Missiles
 s - 4 throwing nets
Armour
 g - a +2 robe of cold resistance
 h - a +0 hat (worn)
 w - a +2 cloak of fire resistance (worn)
 D - a +2 robe of willpower (worn)
 Z - a +0 buckler (worn)
Jewellery
 c - a ring of protection from fire
 f - the ring of the Fuzzy God (left hand) {Fly rCorr Dex+4}
   (You bought it in a shop on level 1 of the Orcish Mines)

   [ring of resist corrosion]

   Dex:       It affects your dexterity (+4).
   Fly:       It grants you flight.
   rCorr:     It protects you from acid and corrosion.
 j - a +6 ring of intelligence
 x - a ring of protection from fire
 y - a +4 ring of protection (right hand)
 P - the amulet of Ephemeral Luck (around neck) {Reflect Rampage SH+5}
   (You found it in a bailey)

   [amulet of reflection]

   It reflects blocked missile attacks.
   SH:        It affects your SH (+5).
   Rampage:   It bestows one free step when moving towards enemies.
 S - a ring of willpower
 T - a ring of positive energy
 Y - a ring of ice
Wands
 a - a wand of iceblast (5)
 b - a wand of digging (5)
 E - a wand of charming (32)
 G - a wand of flame (91)
 U - a wand of light (12)
 W - a wand of mindburst (49)
Scrolls
 e - 12 scrolls of enchant armour
 l - 4 scrolls of teleportation
 p - 3 scrolls of blinking
 t - 4 scrolls of magic mapping
 B - 6 scrolls of fog
 C - 10 scrolls of fear
 K - a scroll of enchant weapon
 L - 5 scrolls of silence
Potions
 i - 2 potions of invisibility
 n - 4 potions of might
 o - 8 potions of mutation
 r - 6 potions of curing
 F - 2 potions of cancellation
 I - 2 potions of berserk rage
 J - 6 potions of magic
 N - 2 potions of resistance
 Q - 4 potions of haste
 V - 7 potions of ambrosia
Miscellaneous
 k - a tin of tremorstones (2/2)
 A - a piece from Xom's chessboard (15/15)
 R - a condenser vane


   Skills:
 + Level 13.3 Fighting
 - Level 18.0 Ranged Weapons
 - Level 18.0 Dodging
 - Level 20.7 Stealth
 + Level 11.4 Shields
 - Level 1.3 Spellcasting
 + Level 10.4 Hexes
 - Level 12.4 Translocations
 - Level 10.0 Invocations
 + Level 16.7 Evocations


You had 7 spell levels left.
You knew the following spells:

 Your Spells              Type           Power      Damage    Failure   Level
a - Slow                  Hex            100%       N/A       1%          1
b - Portal Projectile     Hex/Tloc       78%        N/A       1%          3
c - Blink                 Tloc           86%        N/A       1%          2
d - Passage of Golubria   Tloc           43%        N/A       1%          4
e - Cause Fear            Hex            18%        N/A       4%          4

Your spell library contained the following spells:

 Spells                   Type           Power      Damage    Failure   Level
 Confusing Touch          Hex            36%        N/A       1%          3
 Tukima's Dance           Hex            36%        N/A       1%          3
 Manifold Assault         Tloc           43%        N/A       5%          5
 Ensorcelled Hibernation  Hex/Ice        36%        N/A       6%          2
 Dazzling Flash           Conj/Hex       36%        N/A       12%         3
 Inner Flame              Hex/Fire       18%        N/A       12%         3
 Summon Guardian Golem    Hex/Summ       18%        N/A       12%         3
 Iskenderun's Mystic Bla  Conj/Tloc      22%        2d6       26%         4
 Beastly Appendage        Tmut           2%         N/A       32%         1
 Magic Dart               Conj           4%         1d3       32%         1
 Sandblast                Erth           2%         2d4       32%         1
 Shock                    Conj/Air       4%         1d3       32%         1
 Anguish                  Hex/Necr       9%         N/A       36%         4
 Passwall                 Tmut/Erth      0%         N/A       43%         2
 Static Discharge         Conj/Air       1%         3-4/arc   43%         2
 Wereblood                Tmut           1%         N/A       43%         2
 Summon Forest            Summ/Tloc      11%        N/A       56%         5
 Conjure Flame            Conj/Fire      1%         6-21      67%         3
 Frozen Ramparts          Ice            2%         1d1       67%         3
 Ignite Poison            Fire/Tmut/Pois 1%         N/A       67%         3
 Spider Form              Tmut/Pois      1%         N/A       67%         3
 Stone Arrow              Conj/Erth      2%         3d7       67%         3
 Swiftness                Air            1%         N/A       67%         3
 Vampiric Draining        Necr           1%         2d6       67%         3
 Metabolic Englaciation   Hex/Ice        9%         N/A       71%         5
 Silence                  Hex/Air        9%         N/A       71%         5
 Yara's Violent Unravell  Hex/Tmut       9%         3d6       71%         5
 Airstrike                Air            0%         2d(1-17)  97%         4
 Corpse Rot               Necr/Pois/Air  1%         N/A       97%         4
 Dispel Undead            Necr           1%         3d6       97%         4
 Hailstorm                Conj/Ice       1%         3d3       97%         4
 Ice Form                 Ice/Tmut       1%         N/A       97%         4
 Petrify                  Tmut/Erth      1%         N/A       97%         4
 Sticky Flame             Conj/Fire      1%         2d3       97%         4
 Summon Ice Beast         Ice/Summ       1%         N/A       97%         4
 Summon Lightning Spire   Summ/Air       1%         N/A       97%         4
 Enfeeble                 Hex            18%        N/A       98%         7
 Agony                    Necr           1%         N/A       100%        5
 Blade Hands              Tmut           0%         N/A       100%        5
 Freezing Cloud           Conj/Ice/Air   0%         6-21      100%        5
 Irradiate                Conj/Tmut      0%         3d11      100%        5
 Iskenderun's Battlesphe  Conj           1%         2d6       100%        5
 Conjure Ball Lightning   Conj/Air       0%         3x3d6     100%        6
 Death Channel            Necr           0%         N/A       100%        6
 Eringya's Noxious Bog    Tmut/Pois      0%         N/A       100%        6
 Iron Shot                Conj/Erth      0%         9d1       100%        6
 Starburst                Conj/Fire      0%         6d3       100%        6
 Statue Form              Tmut/Erth      0%         N/A       100%        6
 Dragon Form              Tmut           0%         N/A       100%        7
 Storm Form               Tmut/Air       0%         N/A       100%        7
 Summon Hydra             Summ           0%         N/A       100%        7
 Borgnjor's Revivificati  Necr           0%         N/A       100%        8
 Discord                  Hex            18%        N/A       100%        8
 Maxwell's Capacitive Co  Air            0%         ∞         100%        8
 Necromutation            Tmut/Necr      0%         N/A       100%        8
 Chain Lightning          Conj/Air       0%         2d1       100%        9
 Death's Door             Necr           0%         N/A       100%        9
 Fire Storm               Conj/Fire      0%         6d1       100%        9
 Shatter                  Erth           0%         3d5*      100%        9


Dungeon Overview and Level Annotations

Branches:
Dungeon (15/15)            Temple (1/1) D:6            Lair (5/5) D:10
 Shoals (4/4) Lair:2       Spider (4/4) Lair:3        Slime (0/5) Lair:5
    Orc (2/2) D:12            Elf (2/3) Orc:2        Vaults (0/5) D:13
 Depths (3/4) D:15         Bailey (visited)         Volcano (visited)

Altars:
Ashenzari
Cheibriados
Dithmenos
Elyvilon
Fedhas
Gozag
Hepliaklqana
Kikubaaqudgha
Makhleb
Nemelex Xobeh
Okawaru
Qazlal
Ru
Sif Muna
Trog
Uskayaw
Vehumet
Wu Jian
Xom
Yredelemnul
Zin
The Shining One

Shops:
D:3 (   Orc:1 *   Orc:2 *([=   Elf:1 (   Elf:2 [***   Depths:1 ([((?(!(
Depths:2 (

Portals:
Hell: Depths:1 Depths:2
Abyss: Depths:1 Depths:2
Pandemonium: Depths:2
Ziggurat: Depths:2
Trove: Depths:2 (give 7 scrolls of blinking)

Annotations:
D:5 Pikel
Lair:4 Rupert
Shoals:3 2 transporters, xzight's ghost, adept MiBe
Spider:1 1 runed translucent door, miserystealer's ghost, journeyman MiFi
Spider:3 exclusion: downstairs
Elf:1 1 runed translucent door
Elf:2 3 runed translucent doors
Depths:1 exclusion: downstairs
Depths:3 Mennas


Innate Abilities, Weirdness & Mutations

You are very small and have problems with some larger weapons.
You are too small for most types of armour.
You have supernaturally acute eyesight. (SInv)
You cover ground extremely quickly. (Speed+++)


Message History

Dithmenos accepts your kill.
Your shadow shoots a bolt.
A lich is nearby!
A lich is nearby!
You shoot a bolt. The bolt hits the lich.
The lich is lightly damaged.
You shoot a bolt. The bolt hits the lich!!
The lich is moderately damaged.
You shoot a bolt. The bolt hits the lich.
The lich is moderately damaged.
Your shadow shoots a bolt.
The bolt hits the lich but does no damage.
You shoot a bolt. The bolt hits the lich!!
The lich is severely damaged.
The lich points at you and mumbles some strange words.
The bolt of cold hits you!!!
* * * LOW HITPOINT WARNING * * *
You emit a cloud of dark smoke.
You are too injured to fight recklessly!
Unknown command.
You are too injured to fight recklessly!
Fire: O) +8 hand crossbow of Jumping Pain and Death {elec, Str+2 Stlth+}
Press: ? - help, Q - select action, (/) - cycle Shift-Dir - straight line, f/p - lich
Aim: a lich (black smoke, severely damaged, umbra, 79% to hit)
You shoot a bolt.
The bolt hits the lich but does no damage.
Lightning courses through the lich!
The lich is almost destroyed.
You block the lich's attack.
Fire: O) +8 hand crossbow of Jumping Pain and Death {elec, Str+2 Stlth+}
Press: ? - help, Q - select action, (/) - cycle Shift-Dir - straight line, f/p - lich
Aim: a lich (black smoke, almost destroyed, umbra, 79% to hit)
You shoot a bolt.
The bolt hits the lich but does no damage.
The lich is almost destroyed.
Your shadow shoots a bolt.
The bolt hits the lich.
The lich launches a ball of destructive magic.
The wavering orb of destruction weakly hits you!!
You die...

... #.#...##..# ....
#.#...##..#
.....#.#...##..#
....#.....##..#
#..#.##......#
#...##..###.####
#.#.....##.§§..# #
##.#....###§§##.#
.###....[.).).§L@#.#
........#######§§#.#
.........# .§§§#.#
..!C.....# ###.##.#
.........# #.##.#
###...#.D# .....#
##..#.☼# #.####
##.#.°# ..#
#.#.○#####


You could see a lich.

Vanquished Creatures
  Mara (Depths:3)
  A juggernaut (Depths:2)
  2 caustic shrikes
  2 golden dragons (Depths:2)
  Nikola (Spider:4)
  A lich (Depths:2)
  A titan (Depths:2)
  A tengu reaver (Depths:2)
  A sphinx (Shoals:4)
  Roxanne (Spider:4)
  4 frost giants
  7 fire giants
  6 emperor scorpions
  2 deep elf sorcerers
  2 orc warlords
  3 ghost moths
  A reaper (Depths:2)
  8 very ugly things
  3 vampire knights
  13 stone giants
  6 broodmothers (Spider:4)
  6 entropy weavers
  3 deep elf annihilators
  2 minotaurs (Shoals:4)
  5 ettins
  5 spark wasps
  4 merfolk impalers
  A deep elf death mage (Elf:1)
  4 fire dragons
  5 jiangshi
  Josephine (Lair:4)
  10 hydras
  2 ice dragons (Depths:2)
  5 vault guards
  2 rakshasas
  2 spriggan air magi (Depths:2)
  The ghost of Valamore the Fighter, a novice MiFi of Okawaru (D:9)
  A catoblepas (D:14)
  The ghost of CertainDeath the Grappler, a novice TrTm of Gozag (D:9)
  An ogre mage (D:15)
  13 boulder beetles
  2 radroaches
  3 merfolk avatars
  7 centaur warriors
  10 dancing weapons
  4 merfolk aquamancers
  10 two-headed ogres
  3 death yaks (Lair:5)
  10 satyrs
  An alligator snapping turtle (Shoals:4)
  10 tengu warriors
  Urug (Lair:4)
  2 vampire magi (Depths:2)
  3 orc high priests (Orc:2)
  A spriggan berserker (Depths:1)
  A soul eater (Depths:2)
  4 deep elf knights
  7 hell knights (Depths:1)
  6 pharaoh ants
  2 sun moths
  A fire crab (shapeshifter) (Depths:3)
  A death drake (shapeshifter) (Depths:2)
  2 goliath frogs (Lair:5)
  19 skeletal warriors
  A golden dragon zombie (Depths:1)
  8 sea snakes
  6 steelbarb worms
  An iron troll (Depths:1)
  2 glowing orange brains
  12 orb spiders
  10 deep elf archers
  13 harpies
  6 wizards
  14 deep elf zephyrmancers
  3 necromancers
  6 orc knights
  17 deep elf pyromancers
  A tengu skeleton (Depths:1)
  11 ugly things
  6 orc sorcerers
  25 wolf spiders
  3 cyclopes
  15 manticores
  18 fauns
  6 elephants
  3 moths of wrath
  2 water nymphs (Shoals:4)
  9 merfolk sirens
  5 black mambas
  A rust devil (Depths:2)
  5 centaur zombies
  18 cane toads
  6 torpor snails
  A gargoyle (D:13)
  An orange demon (Depths:2)
  A kobold demonologist (D:12)
  8 komodo dragons
  2 redback zombies
  2 rime drakes (Lair:4)
  2 efreet
  6 tengu conjurers
  13 merfolk
  4 polar bears
  9 trolls
  6 meliai
  A polar bear (shapeshifter) (D:15)
  11 wind drakes
  Grinder (D:3)
  Prince Ribbit (D:5)
  4 hornets
  2 meliai zombies
  3 tyrant leeches (Lair:5)
  36 tarantellas
  8 snapping turtles
  20 blink frogs
  27 slime creatures
  33 jumping spiders
  2 spriggans (Depths:1)
  25 culicivoras
  2 air elementals
  5 vampires (D:13)
  Sigmund (D:5)
  A ynoxinul (Depths:2)
  A centaur simulacrum (D:15)
  3 wraiths (Lair:4)
  5 wyverns
  18 water elementals
  36 yaks
  2 shadows
  A hog (shapeshifter) (Elf:2)
  6 fire elementals
  3 basilisks
  2 steam dragons
  53 redbacks
  21 vampire mosquitoes
  Menkaure (D:3)
  3 wargs
  A tengu zombie (Depths:1)
  A glowing shapeshifter zombie (Depths:1)
  Edmund (D:4)
  17 water moccasins
  A floating eye (shapeshifter) (Depths:1)
  32 orc warriors
  An ice beast (D:4)
  4 black bears
  4 wolves (Lair:1)
  5 ogres
  21 centaurs
  5 boggarts (D:14)
  3 kobold brigands
  Blork the orc (D:4)
  12 bullfrogs
  4 necrophages
  A gnoll sergeant (D:12)
  3 earth elementals
  4 scorpions
  8 wights
  15 killer bees
  A howler monkey (D:6)
  4 vampire bats (Orc:2)
  3 electric eels
  3 jellies
  3 hounds
  16 orc priests
  Natasha (thrice) (D:3)
  Terence (D:2)
  3 iguanas
  9 hell rats
  28 orc wizards
  A boggart skeleton (D:15)
  Robin (D:2)
  14 gnolls
  2 adders
  7 river rats (Lair:4)
  A shadow imp (D:3)
  2 white imps
  4 ufetubi
  A worm (Lair:3)
  81 orcs
  7 ball pythons
  7 bats
  5 endoplasms
  7 giant cockroaches
  6 hobgoblins
  9 jackals
  5 quokkas
  7 frilled lizards
  29 goblins
  26 kobolds
  5 rats
1322 creatures vanquished.

Vanquished Creatures (others)
  A fire giant (D:15)
  A deep elf knight (Elf:2)
  An orb spider (Spider:4)
  A manticore (Shoals:4)
  An iguana (D:6)
  An orc (D:5)
  25 fungi
  166 plants
  6 withered plants
203 creatures vanquished.

Grand Total: 1525 creatures vanquished

Notes
Turn   | Place    | Note
-------+----------+-------------------------------------------
     0 | D:1      | LustLizard the Spriggan Arcane Marksman began the quest for
                  | the Orb.
     0 | D:1      | Reached XP level 1. HP: 9/9 MP: 3/3
    66 | D:1      | Reached skill level 1 in Fighting
    66 | D:1      | Reached skill level 1 in Stealth
    71 | D:1      | Reached XP level 2. HP: 5/14 MP: 5/5
   482 | D:1      | Found a faded altar of an unknown god.
  1230 | D:2      | Got Sif Muna's Lectures on the Zephyr
  1249 | D:2      | Reached XP level 3. HP: 18/18 MP: 6/6
  1429 | D:2      | Reached skill level 2 in Stealth
  1611 | D:2      | Noticed Robin
  1633 | D:2      | Killed Robin
  1733 | D:2      | Reached XP level 4. HP: 19/22 MP: 7/7
  1802 | D:2      | Noticed Terence
  1943 | D:2      | Killed Terence
  2354 | D:3      | Found Saywy's Antique Weapon Shop.
  2444 | D:3      | Noticed Natasha
  2455 | D:3      | Killed Natasha
  2456 | D:3      | Reached skill level 3 in Stealth
  2785 | D:3      | Reached XP level 5. HP: 26/26 MP: 8/8
  2916 | D:3      | Noticed Natasha
  3197 | D:3      | Killed Natasha
  3555 | D:3      | Noticed Natasha
  3569 | D:3      | Killed Natasha
  3800 | D:3      | Reached skill level 4 in Stealth
  3800 | D:3      | Reached XP level 6. HP: 31/31 MP: 9/9
  3818 | D:3      | Learned a level 3 spell: Portal Projectile
  3909 | D:4      | Noticed Edmund
  3949 | D:4      | Noticed Grinder
  4716 | D:3      | Killed Grinder
  5135 | D:3      | Reached XP level 7. HP: 6/35 MP: 10/10
  5475 | D:4      | Noticed Menkaure
  5983 | D:3      | Killed Menkaure
  5984 | D:3      | Reached skill level 5 in Ranged Weapons
  5984 | D:3      | Reached skill level 5 in Stealth
  7020 | D:4      | Killed Edmund
  7021 | D:4      | Reached skill level 5 in Translocations
  7127 | D:4      | Found a basalt altar of Yredelemnul.
  7127 | D:4      | Found a hide-covered altar of Uskayaw.
  7494 | D:5      | Entered Level 5 of the Dungeon
  7552 | D:4      | Reached XP level 8. HP: 40/40 MP: 11/11
  7581 | D:5      | Noticed Blork the orc
  7627 | D:4      | Killed Blork the orc
  7628 | D:4      | Reached skill level 6 in Stealth
  8072 | D:5      | Noticed Prince Ribbit
  8644 | D:5      | Noticed Sigmund
  9133 | D:5      | Killed Prince Ribbit
 10163 | D:5      | Killed Sigmund
 10164 | D:5      | Reached skill level 7 in Stealth
 10236 | D:5      | Noticed Pikel
 10498 | D:5      | Found a blossoming altar of Fedhas.
 10502 | D:5      | Identified the +9 flail of the Unliving {pain, rElec rCorr
                  | Str+3}
 10665 | D:6      | Found a staircase to the Ecumenical Temple.
 10710 | D:6      | Reached XP level 9. HP: 40/45 MP: 12/12
 10714 | Temple   | Entered the Ecumenical Temple
 10800 | Temple   | Became a worshipper of Dithmenos the Shadowed
 11270 | D:6      | Found an opulent altar of Gozag.
 11437 | D:6      | You fall into a shaft and drop 2 floors!
 11454 | D:7      | Reached skill level 1 in Evocations
 11591 | D:6      | HP: 2/45 [poisoned by a water moccasin]
 11603 | D:6      | Reached skill level 8 in Stealth
 12117 | D:6      | Found an iron altar of Okawaru.
 12429 | D:6      | Reached * piety under Dithmenos
 13601 | D:7      | Found a snail-covered altar of Cheibriados.
 13603 | D:7      | Found an ornate altar of the Wu Jian Council.
 13614 | D:7      | Found a shimmering altar of Xom.
 14423 | D:7      | Reached skill level 9 in Stealth
 14423 | D:7      | Reached skill level 5 in Evocations
 14627 | D:8      | Identified the +0 ring mail of Boasuppu {rPois SInv}
 14920 | D:8      | Reached XP level 10. HP: 48/50 MP: 13/13
 14994 | D:7      | Reached skill level 5 in Fighting
 15176 | D:8      | HP: 2/51 [yak (11)]
 17107 | D:8      | Reached ** piety under Dithmenos
 17393 | D:9      | Noticed a two-headed ogre
 17440 | D:9      | Found the +0 staff of Battle
 17855 | D:9      | Reached skill level 10 in Stealth
 17942 | D:8      | Reached skill level 5 in Dodging
 18249 | D:9      | Identified the +1 ring mail of the Unseen Realm {rC+ Str-2
                  | SInv}
 18358 | D:9      | Reached skill level 10 in Ranged Weapons
 18681 | D:9      | Killed a two-headed ogre
 18753 | D:9      | Found a runed translucent gate.
 18753 | D:9      | Found a runed translucent gate.
 18753 | D:9      | Found a runed translucent gate.
 18757 | D:9      | Noticed CertainDeath's ghost (novice TrTm)
 18757 | D:9      | Noticed Valamore's ghost (novice MiFi)
 18883 | D:10     | Entered Level 10 of the Dungeon
 18927 | D:10     | Reached XP level 11. HP: 56/56 MP: 14/14
 18976 | D:10     | Found a staircase to the Lair.
 19019 | D:10     | Reached skill level 11 in Stealth
 19183 | D:10     | Found a flagged portal.
 19193 | Bailey   | Entered a bailey
 19200 | Bailey   | Noticed an orc warlord
 19223 | Bailey   | Reached *** piety under Dithmenos
 19460 | Bailey   | Found a runed translucent gate.
 19463 | Bailey   | Found a runed translucent gate.
 19465 | Bailey   | Found a runed translucent gate.
 19729 | Bailey   | Acquired the +8 hand crossbow of Jumping Pain and Death
                  | {elec, Str+2 Stlth+}
 19732 | Bailey   | Identified the amulet of Ephemeral Luck {Reflect Rampage
                  | SH+5}
 19843 | Bailey   | Killed an orc warlord
 19857 | Bailey   | Acquired 1299 gold pieces
 19859 | Bailey   | Acquired a manual of Dodging
 20192 | D:11     | Noticed a two-headed ogre
 20261 | D:11     | Killed a two-headed ogre
 20296 | D:11     | Noticed a two-headed ogre
 20329 | D:11     | Killed a two-headed ogre
 20330 | D:11     | Reached skill level 12 in Stealth
 20488 | D:11     | Noticed a two-headed ogre
 20490 | D:11     | Killed a two-headed ogre
 20604 | D:11     | Reached **** piety under Dithmenos
 20870 | Lair:1   | Entered Level 1 of the Lair of Beasts
 20914 | Lair:1   | Noticed a seven-headed hydra
 20940 | D:10     | Killed a seven-headed hydra
 21156 | Lair:1   | Reached skill level 10 in Dodging
 21225 | Lair:1   | Reached XP level 12. HP: 63/63 MP: 15/15
 21921 | Lair:2   | Reached skill level 13 in Stealth
 21935 | Lair:2   | Noticed a four-headed hydra
 21938 | Lair:2   | Killed a four-headed hydra
 22286 | Lair:2   | Reached ***** piety under Dithmenos
 22300 | Lair:2   | Found a staircase to the Shoals.
 22976 | Lair:3   | Noticed a seven-headed hydra
 23029 | Lair:2   | Killed a seven-headed hydra
 23116 | Lair:3   | Found a hole to the Spider Nest.
 23244 | Lair:3   | Got the Textbook on the Salvo and Execration
 23291 | Lair:3   | Identified the +4 plate armour of the Heavens {-Tele +Inv
                  | rCorr MP-9}
 23618 | Lair:4   | Noticed Urug
 23624 | Lair:4   | Killed Urug
 23625 | Lair:4   | Reached skill level 1 in Shields
 23700 | Lair:4   | Noticed a six-headed hydra
 23705 | Lair:4   | Killed a six-headed hydra
 23943 | Lair:4   | Noticed Rupert
 24000 | Lair:4   | Identified the +2 leather armour of Tartarus {Rampage MP-9
                  | Int-2 Slay+4 Stlth+}
 24013 | Lair:4   | Noticed Josephine
 24032 | Lair:4   | Killed Josephine
 24218 | Lair:4   | Reached XP level 13. HP: 68/68 MP: 16/16
 24416 | Lair:5   | Entered Level 5 of the Lair of Beasts
 24801 | Lair:5   | Reached ****** piety under Dithmenos
 24829 | Lair:5   | Found a staircase to the Slime Pits.
 25079 | Lair:5   | Reached skill level 15 in Dodging
 25079 | Lair:5   | Reached skill level 5 in Shields
 25136 | Lair:5   | Reached skill level 15 in Ranged Weapons
 25143 | Lair:5   | Found a dark tunnel.
 25150 | Volcano  | Entered a volcano
 25424 | Volcano  | Noticed a stone giant
 25432 | Volcano  | Killed a stone giant
 25755 | Lair:5   | Reached XP level 14. HP: 44/75 MP: 17/17
 26317 | D:12     | Found a hide-covered altar of Uskayaw.
 26359 | D:12     | Reached skill level 1 in Invocations
 26786 | D:12     | Found a staircase to the Orcish Mines.
 27015 | Orc:1    | Entered Level 1 of the Orcish Mines
 27292 | Orc:1    | Found Uxty's Assorted Antiques.
 27297 | Orc:1    | Bought a viscous white potion for 22 gold pieces
 27297 | Orc:1    | Bought a fine iron ring for 125 gold pieces
 27297 | Orc:1    | Identified the ring of the Fuzzy God {Fly rCorr Dex+4} (You
                  | bought it in a shop on level 1 of the Orcish Mines)
 27671 | Orc:2    | Entered Level 2 of the Orcish Mines
 27771 | Orc:2    | Found a staircase to the Elven Halls.
 27772 | Orc:2    | Noticed an orc warlord
 28094 | Orc:2    | Killed an orc warlord
 28873 | Orc:2    | Reached skill level 10 in Fighting
 28985 | Orc:2    | Found Huxom's Assorted Antiques.
 28985 | Orc:2    | Found Qylauvu's Jewellery Shoppe.
 28987 | Orc:2    | Found Waot's Antique Weapon Shop.
 28987 | Orc:2    | Found Weid's Armour Shoppe.
 28993 | Orc:2    | Bought a scroll of identify for 60 gold pieces
 28993 | Orc:2    | Bought a viscous white potion for 27 gold pieces
 28993 | Orc:2    | Bought a scroll of identify for 60 gold pieces
 28993 | Orc:2    | Bought a scroll labelled DOPITTEUNA for 30 gold pieces
 30379 | D:12     | Reached skill level 5 in Invocations
 30379 | D:12     | Reached XP level 15. HP: 80/80 MP: 19/19
 30779 | D:13     | Found a gate to the Vaults.
 31047 | Shoals:1 | Entered Level 1 of the Shoals
 31077 | Shoals:1 | Reached skill level 10 in Evocations
 31144 | Shoals:1 | Found a flickering gateway to a bazaar.
 31155 | Bazaar   | Entered a bazaar
 31160 | Bazaar   | Found Voniank's Jewellery Shop.
 31192 | Bazaar   | Found Leblut's Book Shop.
 31230 | Bazaar   | Bought Great Wizards, Vol. VII for 270 gold pieces
 31230 | Bazaar   | Bought an Inescapable Atlas for 306 gold pieces
 31233 | Bazaar   | Learned a level 2 spell: Blink
 31238 | Bazaar   | Learned a level 4 spell: Passage of Golubria
 31833 | Shoals:1 | Identified the +10 dagger of the Dead {vorpal, Str+5}
 33302 | Shoals:2 | Reached skill level 14 in Stealth
 33926 | Shoals:3 | Got the Compendium of Creative Curses
 34543 | Shoals:3 | Found a transporter.
 34545 | Shoals:3 | Found a transporter.
 34549 | Shoals:3 | Noticed a kraken
 34786 | Shoals:4 | Entered Level 4 of the Shoals
 34991 | Shoals:4 | Reached XP level 16. HP: 63/85 MP: 21/23
 35423 | Shoals:4 | Noticed a sphinx
 35433 | Shoals:4 | Killed a sphinx
 35448 | Shoals:4 | Reached skill level 15 in Stealth
 35462 | Shoals:4 | Got a barnacled rune of Zot
 36243 | Shoals:4 | Identified the +0 scale mail of the Butcher {MP-9 Str+4}
 36246 | Shoals:4 | Noticed a sphinx
 36355 | Shoals:4 | Got Remutiwk's Almanac of the Hiemal Squall
 36647 | Shoals:4 | Reached skill level 10 in Invocations
 36879 | Shoals:4 | Reached skill level 16 in Stealth
 37002 | Shoals:3 | Noticed xzight's ghost (adept MiBe)
 37010 | Shoals:3 | Identified the ring "Weciqor" {rElec rC+ rN+++ Will-
                  | Stlth-}
 37183 | D:9      | Killed CertainDeath's ghost
 37187 | D:9      | Killed Valamore's ghost
 37463 | D:14     | Found a stormy altar of Qazlal.
 37749 | D:14     | Reached skill level 17 in Stealth
 38289 | D:14     | Reached skill level 18 in Stealth
 38400 | D:15     | Entered Level 15 of the Dungeon
 38759 | D:15     | Reached XP level 17. HP: 89/89 MP: 25/25
 38950 | D:15     | Found a staircase to the Depths.
 39427 | Elf:1    | Entered Level 1 of the Elven Halls
 39427 | Elf:1    | Found a runed translucent gate.
 39427 | Elf:1    | Found a runed translucent gate.
 39427 | Elf:1    | Found a runed translucent gate.
 39427 | Elf:1    | Found a runed translucent gate.
 39427 | Elf:1    | Found a runed translucent gate.
 39427 | Elf:1    | Found a runed translucent gate.
 39428 | Elf:1    | Found a runed translucent door.
 39434 | Elf:1    | Reached skill level 19 in Stealth
 40822 | Elf:1    | Found a runed translucent door.
 41029 | Elf:1    | Got the Spellbook of Battle Magic
 41362 | Elf:1    | Found Gerask's Firing Range.
 41497 | Elf:1    | Reached skill level 10 in Translocations
 41764 | Spider:1 | Entered Level 1 of the Spider Nest
 42787 | Spider:1 | Found a runed translucent door.
 42795 | Spider:1 | Found a shimmering altar of Xom.
 42795 | Spider:1 | Noticed miserystealer's ghost (journeyman MiFi)
 43469 | Spider:2 | Reached skill level 20 in Stealth
 44235 | Spider:2 | Reached XP level 18. HP: 95/95 MP: 26/26
 45724 | Spider:4 | Entered Level 4 of the Spider Nest
 45724 | Spider:4 | Identified Roxanne's Octavo of Metal
 45724 | Spider:4 | Noticed Roxanne
 46080 | Spider:4 | Noticed Nikola
 47590 | Spider:4 | Killed Nikola
 47759 | Spider:4 | Got a gossamer rune of Zot
 48024 | Spider:4 | Killed Roxanne
 48042 | Spider:4 | Learned a level 4 spell: Cause Fear
 48335 | Elf:2    | Reached skill level 5 in Hexes
 48364 | Elf:2    | Reached skill level 10 in Shields
 48533 | Elf:2    | Found Qesagid's Armour Boutique.
 48535 | Elf:2    | Found Nuso's General Store.
 48535 | Elf:2    | Found Ydestruc's General Store.
 48617 | Elf:2    | Found Onliuz's General Store.
 48630 | Elf:2    | Bought a scroll of enchant armour for 127 gold pieces
 48630 | Elf:2    | Bought a scroll of fear for 68 gold pieces
 48630 | Elf:2    | Bought a scroll of fear for 68 gold pieces
 48630 | Elf:2    | Bought a potion of haste for 170 gold pieces
 48783 | Elf:2    | Found a runed translucent gate.
 48783 | Elf:2    | Found a runed translucent gate.
 48784 | Elf:2    | Found a runed translucent gate.
 49688 | Depths:1 | Entered Level 1 of the Depths
 50813 | D:15     | Reached XP level 19. HP: 93/102 MP: 27/27
 51190 | Depths:1 | Found Konwapp's Weapon Shoppe.
 51205 | Depths:1 | Found Rinkaorr's Magic Scroll Emporium.
 51207 | Depths:1 | Found Hoss's Antique Weapon Shoppe.
 51209 | Depths:1 | Found Qoohetwo's Distillery.
 51213 | Depths:1 | Bought a scroll of enchant armour for 97 gold pieces
 51213 | Depths:1 | Bought a scroll of magic mapping for 97 gold pieces
 51213 | Depths:1 | Bought a scroll of enchant armour for 97 gold pieces
 51213 | Depths:1 | Bought a scroll of blinking for 97 gold pieces
 51915 | Depths:1 | Found Nughahou's Weapon Shop.
 51936 | Depths:1 | Found Vafeb's Weapon Shoppe.
 52352 | Depths:1 | Found Amizemmo's Armour Shoppe.
 52356 | Depths:1 | Found Zuxif's Weapon Emporium.
 52439 | Depths:1 | Found a shadowy altar of Dithmenos.
 52462 | Depths:1 | Found a one-way gate to the infinite horrors of the Abyss.
 52536 | Depths:1 | Reached skill level 15 in Evocations
 52671 | Depths:1 | Found a gateway to Hell.
 53005 | Depths:2 | Noticed a juggernaut
 53269 | Depths:2 | Found a one-way gateway to a ziggurat.
 53405 | Depths:2 | Found Foigil's Weapon Emporium.
 53812 | Depths:2 | Identified the +7 scimitar "Bimu" {chaos, rF+ rN+ Dex-4
                  | Stlth+}
 56025 | Depths:2 | Killed a juggernaut
 56913 | Depths:2 | Found a portal to a secret trove of treasure.
 56960 | Depths:2 | Identified the +1 helmet of the Dropbear {rElec rPois}
 57060 | Depths:2 | Found a one-way gate leading to the halls of Pandemonium.
 57216 | Depths:3 | Noticed a golden dragon
 57218 | Depths:3 | Noticed a caustic shrike
 57237 | Depths:3 | Killed a caustic shrike
 57249 | Depths:2 | Killed a golden dragon
 57250 | Depths:2 | Reached XP level 20. HP: 38/109 MP: 28/28
 57509 | Depths:3 | Noticed a golden dragon
 57561 | Depths:3 | Noticed a caustic shrike
 57580 | Depths:2 | Killed a caustic shrike
 57585 | Depths:3 | Reached skill level 10 in Hexes
 57588 | Depths:3 | Noticed a golden dragon
 57913 | Depths:2 | Killed a golden dragon
 58076 | Depths:3 | Noticed Mara
 58084 | Depths:3 | Killed Mara
 58153 | Depths:3 | Noticed Mennas
 58258 | Depths:3 | Blown up by a lich

Illustrated notes

Levels and vault maps discovered:
D:1:      amcnicky_arrival_underground_garden, layout_basic,
          hellmonk_ecumenical_altar_arch_garden, serial_park_tiny_1,
          kennysheep_nondescript, chequers_jeans, minmay_close_crescents
D:2:      layout_basic, uniq_terence, uniq_robin
D:3:      layout_basic, serial_shops, shop, ebering_dispersal_statue_hall,
          uniq_natasha
D:4:      layout_loops_ring, gammafunk_temple_overflow_wave,
          kennysheep_flooded_box, nrook_mini_backslash, uniq_edmund,
          uniq_menkaure, uniq_grinder
D:5:      layout_rooms, lemuel_coloured_pillars_altar, uniq_blork_the_orc,
          uniq_pikel, uniq_prince_ribbit1, uniq_sigmund
D:6:      layout_basic, minmay_temple_entry_proselytizer,
          hangedman_feature_mirror
D:7:      layout_loops_cross, minmay_overflow_temple_star_quad
D:8:      layout_loops_ring, kennysheep_small_square
D:9:      layout_rooms, gammafunk_ghost_cemetery,
          hellmonk_guarded_unrand_staff_of_battle
D:10:     layout_rooms, dpeg_oklobed_lair, lightli_bailey_entry_fortress
D:11:     layout_basic, minmay_misc_feat_roman, palyth_stone_intersect
D:12:     layout_big_octagon, orc_0_dummy, grunt_ministairs_14,
          nicolae_uskayaw_murder_on_the_dancefloor
D:13:     layout_rooms, erik_vaults_1, serial_undead, serial_undead_f,
          serial_undead_b, serial_undead_a, serial_undead_e, serial_undead_c,
          serial_undead_a, serial_undead_e, serial_undead_a, serial_undead_c,
          serial_undead_b, feat_on_display
D:14:     layout_basic, grunt_qazlal_clouds, minivault_25, grunt_tough_drop
D:15:     grunt_enter_depths_magical_seal, layout_small_grid,
          minmay_misc_feat_columns
Temple:   nicolae_temple_x_marks_the_god
Lair:1:   layout_small_grid
Lair:2:   layout_gridlike, minmay_shoals_entry_lonely_mermaid,
          serial_bayou_lagoon_a, infiniplex_staircase_pool_2
Lair:3:   layout_roguey, nicolae_spider_entry_non_spiders, serial_forest,
          infiniplex_forest_straight_5, infiniplex_forest_clump_diagonal,
          infiniplex_forest_lined_1, infiniplex_forest_clump_double
Lair:4:   layout_regular_city, minmay_stone_trees_small, kennysheep_rathole,
          uniq_rupert, uniq_urug, uniq_josephine
Lair:5:   minmay_lair_end_frog_pond, layout_hall_layers,
          minmay_slime_entry_pillars, enter_volcano_2, st_stairs_12
Shoals:1: layout_shoals, serial_shops, bzr_entry_water
Shoals:2: layout_shoals
Shoals:3: layout_shoals, ebering_ghost_davey_jones
Shoals:4: shoals_end_hellmonk_lost_city
Spider:1: layout_spider_delve, ebering_ghost_xom
Spider:2: layout_cave_pods, nicolae_spider_moth_buddies
Spider:3: layout_chambers, drop_trap, hellmonk_watch_for_rolling_rocks,
          hangedman_spider_tarantella_strand
Spider:4: hellmonk_spider_rune_endless_swarm, uniq_roxanne, uniq_nikola
Orc:1:    layout_diamond_mine, basic_altar, serial_shops, shop
Orc:2:    grunt_orc_tribal_feast, layout_caves, roderic_batcave
Elf:1:    nicolae_elf_arrival_dilemma, layout_rooms, minmay_elf_annihilation,
          nicolae_shop_firing_range
Elf:2:    nicolae_elf_blades_splatter_lattice [grunt_blade_entry_basic],
          layout_geoelf_octagon, eino_tiny_chamber, minmay_shoptagon
Depths:1: layout_cave_shapes, abyss_entry, grunt_hell_entry_dis_grunt,
          serial_shops, nicolae_shop_waterfront, shop_coins,
          nicolae_shop_bloodbath_and_beyond, kennysheep_little_box, shop,
          grunt_dithmenos_smoke, minmay_shop_star
Depths:2: hangedman_cross_stitches, layout_honeycomb, enter_ziggurat_f,
          hell_entry, nicolae_hexahallways, enter_trove_5,
          rand_demon_pan_entry_1, abyss_entry, serial_shops,
          nicolae_lakefront_shop
Depths:3: minmay_central_circle, layout_basic, hangedman_abyss_entry_splay,
          hell_entry, uniq_josephina, uniq_saint_roka, uniq_mara, uniq_mennas

Skill      XL: |  1  2  3  4  5  6  7  8  9 10 11 12 13 14 15 16 17 18 19 20 |
---------------+-------------------------------------------------------------+-----
Fighting       | 1 2 3 4 6 7 8 9 10 12 13 | 13.3
Stealth        | 1 2 3 4 5 7 9 10 12 13 14 18 20 | 20.7
Hexes          | 4 6 9 10 | 10.4
Ranged Weapons | 3 4 5 7 8 10 12 13 15 16 18 | 18.0
Translocations | 3 5 8 11 12 | 12.4
Evocations     | 5 6 9 10 12 14 16 | 16.7
Dodging        | 3 6 10 13 15 17 18 | 18.0
Shields        | 2 5 6 8 9 10 11 | 11.4
Invocations    | 5 8 10 | 10.0
Spellcasting   | |  1.3

Action                   |  1- 3 |  4- 6 |  7- 9 | 10-12 | 13-15 | 16-18 | 19-21 || total
-------------------------+-------+-------+-------+-------+-------+-------+-------++-------
Melee: Hand crossbow     |       |       |       |     5 |    10 |     1 |     1 ||    17
 Fire: Sling             |   119 |   195 |   793 |   247 |       |       |       ||  1354
       Shortbow          |       |       |       |   283 |       |       |       ||   283
       Hand crossbow     |       |       |       |   331 |  1070 |  1457 |   626 ||  3484
Throw: Dart              |       |       |       |     8 |       |       |       ||     8
 Cast: Slow              |     1 |       |       |       |       |       |       ||     1
Evoke: Wand              |       |       |       |     2 |       |       |       ||     2
  Use: Scroll            |     1 |       |    10 |    11 |    12 |     5 |     1 ||    40
       Potion            |       |       |       |       |     1 |     7 |     5 ||    13
 Stab: Distracted        |       |       |       |       |     1 |       |       ||     1
Armor: Robe              |     3 |     3 |    44 |    61 |    28 |    32 |     9 ||   180
Dodge: Dodged            |    42 |    63 |   251 |   442 |   401 |   544 |   201 ||  1944
Block: Other             |       |       |       |     9 |       |       |       ||     9
       Buckler           |       |       |       |    44 |   292 |   471 |   168 ||   975
       Reflection        |       |       |       |       |    76 |    48 |     4 ||   128
